 Dungeon Crawl Stone Soup version 0.21.0 (webtiles) character file.

392 HungrySpirit the Cutter (level 6, -1/35 HPs)
             Began as a Deep Elf Artificer on Jan 7, 2018.
             Killed by nerve-wracking pain
             ... invoked by a shadow imp
              (14 damage)
             ... on level 3 of the Dungeon.
             The game lasted 00:04:37 (2269 turns).

HungrySpirit the Cutter (Deep Elf Artificer)        Turns: 2269, Time: 00:04:38

Health: -1/35      AC:  4    Str:  9    XL:     6   Next: 51%
Magic:  12/13      EV: 12    Int: 18    God:
Gold:   100        SH:  0    Dex: 15    Spells: 12/12 levels left

rFire    . . .     SeeInvis .   a - +0 short sword
rCold    . . .     Gourm    .   (no shield)
rNeg     . . .     Faith    .   s - +0 troll leather armour
rPois    .         Spirit   .   (no helmet)
rElec    .         Reflect  .   (no cloak)
rCorr    .         Harm     .   (no gloves)
MR       .....                  (no boots)
Stlth    ++........             (no amulet)
HPRegen  0.51/turn              (no ring)
MPRegen  0.13/turn              (no ring)

@: no status effects
A: no striking features
a: no special abilities


You were on level 3 of the Dungeon.
You were not hungry.

You visited 1 branch of the dungeon, and saw 3 of its levels.

You collected 100 gold pieces.

Inventory:

Hand Weapons
 a - a +0 short sword (weapon)
 g - a +0 rapier
Armour
 s - a +0 troll leather armour (worn)
Wands
 c - a wand of flame (4)
 d - a wand of enslavement (15)
 e - a wand of random effects (15)
 v - a wand of acid (6)
 w - a wand of clouds (4)
Scrolls
 i - 2 scrolls of fear {unknown}
 k - a scroll of remove curse
 l - 3 scrolls of identify
 m - 4 scrolls of teleportation
 t - a scroll of amnesia {unknown}
Potions
 h - 2 potions of flight {unknown}
 j - 2 potions of mutation {unknown}
 n - a potion of berserk rage {unknown}
 o - a potion of curing {unknown}
 p - a potion of lignification {unknown}
 q - a potion of haste {unknown}
 r - a potion of heal wounds {unknown}
 u - a potion of might {unknown}
Comestibles
 b - 2 chunks of flesh
 f - 5 rations


   Skills:
 - Level 2.0 Fighting
 * Level 5.5 Short Blades
 - Level 2.4 Dodging
 - Level 1.2 Stealth
 + Level 3.6 Spellcasting
 - Level 3.2 Evocations


You had 12 spell levels left.
You didn't know any spells.

Dungeon Overview and Level Annotations

Branches:
Dungeon (3/15)

Altars:
Yredelemnul
Zin

Annotations:
D:3 1 transporter


Message History

There is an open door here.
Evoke which item? (* to show all) (? for menu, Esc to quit)
Aiming: Corrosive Bolt
Press: ? - help, Shift-Dir - straight line, f - orc priest
Aim: an orc priest The bolt of acid hits the orc priest.
The orc priest is splashed with acid.
The acid corrodes the orc priest!
You kill the orc priest!
The shadow imp gestures at you. Pain shoots through your body!
Evoke which item? (* to show all) (? for menu, Esc to quit)
Aiming: Corrosive Bolt
Press: ? - help, Shift-Dir - straight line, f - orc priest
Aim: an orc priest, wielding a falchion and wearing a leather armour The bolt of acid hits the orc priest.
The orc priest is splashed with acid.
The acid corrodes the orc priest!
You kill the orc priest!
The shadow imp gestures at you. Pain shoots through your body!
You die...

...#.# #.....# #...(.#
#..#.###...#.# #.###.#
.......+...###################
#..#.###...#.................#
#..#.###.(.#.###############.#
#÷.....+...'.#8P#55.....#≈8#.# #
#..#.###...#.#P.#≈≈≈≈≈≈≈#.P#.##.#
.............#..#..≈≈≈..#.$#..#.#
......#.....©#©.@..≈⌠≈..+(©#©...#
###...#.###..#..#..≈≈P..#.$#.....
....>.#.# ##.#P.#≈≈≈≈≈≈≈#.P#.####
#.....#.# #.#8P#5).....#P8#.#
#.#####.####.###############.#
.<........##.................#
#######.#.####################
(....(..#.# #.........#


You could see 3 shadow imps.

Vanquished Creatures
  Grinder (D:3)
  2 orc priests (D:3)
  Natasha (twice) (D:2)
  3 adders
  A worm (D:3)
  A dart slug (D:2)
  4 leopard geckos
  7 orcs (D:3)
  7 bats
  3 giant cockroaches
  9 goblins
  4 hobgoblins
  A quokka (D:2)
  2 ball pythons (D:1)
  2 frilled lizards
  2 kobolds (D:1)
  6 rats
57 creatures vanquished.

Notes
Turn   | Place    | Note
-------+----------+-------------------------------------------
     0 | D:1      | HungrySpirit the Deep Elf Artificer began the quest for the Orb.
     0 | D:1      | Reached XP level 1. HP: 11/11 MP: 5/5
    33 | D:1      | Reached skill level 1 in Fighting
    74 | D:1      | Reached XP level 2. HP: 4/16 MP: 6/6
   522 | D:1      | Reached skill level 2 in Short Blades
   733 | D:2      | Noticed Natasha
   741 | D:2      | Killed Natasha
   741 | D:2      | Reached XP level 3. HP: 15/21 MP: 7/7
   832 | D:2      | Noticed Natasha
   834 | D:2      | Reached skill level 3 in Short Blades
   836 | D:2      | Killed Natasha
   836 | D:2      | Reached XP level 4. HP: 19/26 MP: 8/8
  1272 | D:2      | Found a glowing silver altar of Zin.
  1895 | D:3      | Reached skill level 1 in Spellcasting
  1941 | D:3      | Noticed Grinder
  1941 | D:3      | Paralysed by Grinder for 4 turns
  1947 | D:3      | Killed Grinder
  1947 | D:3      | Reached skill level 5 in Short Blades
  1947 | D:3      | Reached XP level 5. HP: 29/30 MP: 8/11
  1947 | D:3      | Reached XP level 6. HP: 34/35 MP: 8/12
  2078 | D:3      | Found a basalt altar of Yredelemnul.
  2195 | D:3      | Found a transporter.
  2223 | D:3      | Found a transporter.
  2269 | D:3      | Killed from afar by a shadow imp

Skill      XL: |  1  2  3  4 |
---------------+-------------+-----
Fighting       | 1 2 |  2.0
Short Blades   | 2 3 5 |  5.5
Spellcasting   | 3 |  3.6
Dodging        | |  2.4
Stealth        | |  1.2
Evocations     | |  3.2

Action                   |  1- 3 |  4- 6 || total
-------------------------+-------+-------++-------
Melee: Short sword       |    52 |   145 ||   197
Evoke: Wand              |     7 |     8 ||    15
  Use: Scroll            |       |     3 ||     3
  Eat: Chunk             |       |     4 ||     4
Armor: Leather armour    |    18 |       ||    18
       Troll leather arm |       |    19 ||    19
Dodge: Dodged            |    46 |    70 ||   116
